 Dungeon Crawl Stone Soup version 0.20.1-1-g8b1a95d (webtiles) character file.

418 Giltor the Sneak (level 7, -3/36 HPs)
             Began as a Kobold Enchanter on July 10, 2017.
             Was an Initiate of Dithmenos.
             Slain by an orc priest
             ... wielding a +0 morningstar
              (7 damage)
             ... on level 4 of the Dungeon.
             The game lasted 01:12:52 (4366 turns).

Giltor the Sneak (Kobold Enchanter)                 Turns: 4366, Time: 01:12:52

Health: -3/36      AC:  2    Str:  7    XL:     7   Next: 16%
Magic:  1/11       EV: 16    Int: 16    God:    Dithmenos [......]
Gold:   111        SH:  0    Dex: 16    Spells: 7/12 levels left

rFire    . . .     SeeInvis .   w - +2 dagger (drain)
rCold    . . .     Gourm    .   (shield restricted)
rNeg     . . .     Faith    .   u - +0 robe
rPois    +         Spirit   .   (no helmet)
rElec    .         Reflect  .   (no cloak)
rCorr    .         Harm     .   (no gloves)
MR       .....                  (no boots)
Stlth    ++++......             (no amulet)
Regen    0.2/turn               I - ring of poison resistance
MPRegen  0.2/turn               (no ring)

@: no status effects
A: carnivore 3
a: Renounce Religion


You were on level 4 of the Dungeon.
You worshipped Dithmenos.
Dithmenos was noncommittal.
You were not hungry.

You visited 2 branches of the dungeon, and saw 5 of its levels.

You collected 111 gold pieces.

Inventory:

Hand Weapons
 a - a +1 dagger
 g - a +2 dagger of freezing
 j - a +0 hand axe
 k - a +0 scythe
 l - a +0 dagger
 n - a +0 short sword
 o - a +0 short sword
 p - a +0 whip
 q - a +0 short sword
 w - a +2 dagger of draining (weapon)
 x - a +0 club
 y - a +0 club
 D - a +3 long sword
 E - a +0 club
 F - a +0 club
 L - a +0 club
 N - a +4 short sword of electrocution
 Q - a +0 hunting sling
 T - a +0 dagger
Missiles
 m - 42 stones (quivered)
 K - 8 tomahawks
Armour
 b - a +0 robe
 r - a +0 ring mail
 u - a +0 robe (worn)
 A - a +0 chain mail
 O - a cursed +0 scale mail
 S - a +0 helmet
Jewellery
 H - a cursed ring of loudness
 I - a ring of poison resistance (left hand)
Scrolls
 h - a scroll of immolation {unknown}
 v - a scroll of amnesia
 B - a scroll of enchant weapon {unknown}
 J - a scroll of remove curse
 M - a scroll of fog
 P - a scroll of identify
Potions
 e - a potion of heal wounds {unknown}
 t - 2 potions of curing {unknown}
 z - a potion of resistance {unknown}
 C - a potion of flight {unknown}
 G - a potion of berserk rage {unknown}
 R - a potion of brilliance {unknown}
Books
 c - a book of Maledictions

   Spells                             Type                      Level
   a - Corona                         Hexes                        1
   b - Ensorcelled Hibernation        Hexes/Ice                    2
   c - Confuse                        Hexes                        3
   d - Tukima's Dance                 Hexes                        3
   e - Dazzling Spray                 Conjuration/Hexes            3
Comestibles
 d - 4 meat rations
 f - 2 fruits
 i - 6 bread rations
 s - 2 royal jellies


   Skills:
 * Level 4.6 Short Blades
 + Level 2.8 Dodging
 * Level 7.7 Stealth
 - Level 3.0 Spellcasting
 - Level 3.4 Hexes
 + Level 1.9 Ice Magic


You had 7 spell levels left.
You knew the following spells:

 Your Spells              Type           Power        Failure   Level  Hunger
b - Ensorcelled Hibernat  Hex/Ice        ##....       10%         2    ##.....
c - Tukima's Dance        Hex            ##......     14%         3    ###....


Dungeon Overview and Level Annotations

Branches:
Dungeon (4/15)             Temple (1/1) D:4

Altars:
Cheibriados
Dithmenos
Kikubaaqudgha
Okawaru
Qazlal
Ru
Trog
Uskayaw
Vehumet
Yredelemnul
The Shining One


Innate Abilities, Weirdness & Mutations

You are small and have problems with some larger weapons.
You are carnivorous and can eat meat at any time.


Message History

Pain shoots through your body!
You hit the orc priest.
The orc priest is moderately wounded.
The orc priest hits you with a morningstar!
* * * LOW HITPOINT WARNING * * *
You closely miss the orc priest.
The orc priest is moderately wounded.
You hit the orc priest.
The orc priest is heavily wounded.
The orc priest misses you.
You hit the orc priest. You drain the orc priest!
The orc priest is severely wounded.
The orc priest hits you with a morningstar.
* * * LOW HITPOINT WARNING * * *
You completely miss the orc priest.
The orc priest is severely wounded.
You hit the orc priest but do no damage.
The orc priest is severely wounded.
The orc priest hits you with a morningstar!
You die...

#. #.# #. #.# #. #.# #. #.#
######## #. #.# ####....... #.
#.##.# #......####
######.#######.##.###......#
...............##.#........#
######.#######@##.#.#......####
#. #o##.#.#.......... #.
#..#.#.##.#+#...##
#o#######..#...##.#.#...#
oo.....................>#
#.#######.#.#####.#+##### #r
#.#..# #......# #.##.# #......#
#.# .# #......#


You could see an orc priest.

Vanquished Creatures
  Sigmund (D:4)
  Menkaure (D:4)
  Terence (D:2)
  5 adders
  An ooze (D:1)
  2 worms
  2 orcs
  3 giant cockroaches
  2 goblins
  9 hobgoblins
  6 jackals
  6 kobolds (D:1)
  3 quokkas
  A ball python (D:3)
  4 bats
  2 frilled lizards (D:1)
  5 rats
54 creatures vanquished.

Notes
Turn   | Place    | Note
-------+----------+-------------------------------------------
     0 | D:1      | Giltor the Kobold Enchanter began the quest for the Orb.
     0 | D:1      | Reached XP level 1. HP: 10/10 MP: 3/3
   191 | D:1      | Reached XP level 2. HP: 14/15 MP: 5/5
   484 | D:1      | Learned a level 2 spell: Ensorcelled Hibernation
   682 | D:1      | Reached XP level 3. HP: 12/19 MP: 6/6
   747 | D:1      | Reached skill level 5 in Stealth
  1920 | D:3      | Reached XP level 4. HP: 24/24 MP: 1/7
  2044 | D:3      | Noticed a hand axe
  2044 | D:3      | Noticed a hand axe
  2093 | D:3      | Found a hide-covered altar of Uskayaw.
  2918 | D:2      | Noticed Terence
  2931 | D:2      | Killed Terence
  2931 | D:2      | Reached XP level 5. HP: 22/28 MP: 1/9
  3862 | D:4      | Found a bloodstained altar of Trog.
  3938 | D:4      | Noticed Menkaure
  3945 | D:4      | Killed Menkaure
  3945 | D:4      | Reached skill level 6 in Stealth
  3945 | D:4      | Reached skill level 1 in Ice Magic
  3945 | D:4      | Reached XP level 6. HP: 32/32 MP: 10/10
  4054 | D:4      | Found a staircase to the Ecumenical Temple.
  4060 | Temple   | Entered the Ecumenical Temple
  4172 | Temple   | Became a worshipper of Dithmenos the Shadowed
  4259 | D:4      | Noticed Sigmund
  4267 | D:4      | Killed Sigmund
  4267 | D:4      | Reached skill level 7 in Stealth
  4267 | D:4      | Reached XP level 7. HP: 36/36 MP: 2/11
  4289 | D:4      | Learned a level 3 spell: Tukima's Dance
  4366 | D:4      | Slain by an orc priest

Skill      XL: |  1  2  3  4  5  6 |
---------------+-------------------+-----
Short Blades   | 2 3 4 |  4.6
Stealth        | 5 6 7 |  7.7
Spellcasting   | 3 |  3.0
Ice Magic      | 1 |  1.9
Dodging        | |  2.8
Hexes          | |  3.4

Action                   |  1- 3 |  4- 6 |  7- 9 || total
-------------------------+-------+-------+-------++-------
Melee: Dagger            |   103 |    44 |     8 ||   155
 Cast: Corona            |     1 |       |       ||     1
       Ensorcelled Hiber |    23 |    26 |     6 ||    55
  Use: Scroll            |     1 |     4 |     1 ||     6
 Stab: Sleeping          |    19 |    16 |     1 ||    36
  Eat: Chunk             |    11 |     5 |       ||    16
Armor: Robe              |     7 |    10 |       ||    17
Dodge: Dodged            |    61 |    15 |     1 ||    77
